 Dungeon Crawl Stone Soup version 0.28-a0-410-gbef64dd269 (console) character file.

Game seed: 8745572530156230065

1718 toffzen the Cleaver (level 8, -3/71 HPs)
             Began as a Minotaur Cinder Acolyte on Sept 6, 2021.
             Was an Initiate of Trog.
             Slain by a fire elemental (9 damage)
             ... created by the fiery vengeance of Ignis
             ... on level 6 of the Dungeon.
             The game lasted 00:19:39 (6166 turns).

toffzen the Cleaver (Minotaur Cinder Acolyte)       Turns: 6166, Time: 00:19:40

Health: -3/71      AC: 13    Str: 21    XL:     8   Next: 75%
Magic:  0/8        EV:  7    Int: 11    God:    Trog [......]
Gold:   195        SH:  3    Dex:  6    Spells: 9/9 levels left

rFire   . . .      SeeInvis +   a - +0 war axe
rCold   . . .      Faith    .   C - +0 buckler
rNeg    . . .      Spirit   +   l - +0 plate armour
rPois   .          Reflect  .   (helmet restricted)
rElec   .          Harm     .   (no cloak)
rCorr   .          Rampage  .   (no gloves)
Will    .....                   c - +0 pair of boots
Stlth   ..........              h - amulet of guardian spirit
HPRegen 0.21/turn               z - ring of see invisible
MPRegen 0.11/turn               (no ring)

@: slowed, fire susceptible, very slow
A: horns 2, retaliatory headbutt
a: Renounce Religion


You were on level 6 of the Dungeon.
You worshipped Trog.
Trog was noncommittal.
You visited 1 branch of the dungeon, and saw 6 of its levels.

You collected 230 gold pieces.
You spent 35 gold pieces at shops.

Inventory:

Hand Weapons
 a - a +0 war axe (weapon)
 b - a +0 hunting sling
 y - a -1 hand axe of flaming
Missiles
 m - 187 stones (quivered)
 o - 23 poisoned darts
 v - 75 sling bullets
Armour
 c - a +0 pair of boots (worn)
 l - a +0 plate armour (worn)
 n - a +0 robe
 C - a +0 buckler (worn)
Jewellery
 h - an amulet of guardian spirit (around neck)
 z - a ring of see invisible (left hand)
Wands
 D - a wand of charming (12)
Scrolls
 d - 5 scrolls of teleportation
 e - a scroll of summoning {unknown}
 f - a scroll of immolation {unknown}
 k - a scroll of blinking {unknown}
 p - a scroll of noise {unknown}
 q - a scroll of brand weapon {unknown}
 t - a scroll of enchant armour {unknown}
 u - a scroll of enchant weapon {unknown}
 w - a scroll of fog {unknown}
 E - a scroll of silence {unknown}
Potions
 g - 2 potions of mutation
 i - a potion of lignification
 j - 2 potions of heal wounds
 r - 2 potions of attraction
 s - 2 potions of flight
 x - a potion of cancellation
 A - a potion of might
 B - a potion of berserk rage {unknown}


   Skills:
 + Level 6.8 Fighting
 * Level 9.1 Axes
 + Level 5.5 Armour
 + Level 5.1 Dodging
 + Level 2.9 Shields
 - Level 1.0 Spellcasting
 - Level 2.1 Fire Magic


You had 9 spell levels left.
You didn't know any spells.
Your spell library contained the following spells:

 Spells                   Type           Power      Damage    Failure   Level
 Foxfire                  Conj/Fire      8%         2x1d4     99%         1
 Scorch                   Fire           10%        2d6       99%         2
 Beastly Appendage        Tmut           0%         N/A       100%        1
 Slow                     Hex            0%         N/A       100%        2
 Wereblood                Tmut           0%         N/A       100%        2
 Confusing Touch          Hex            0%         N/A       100%        3
 Conjure Flame            Conj/Fire      2%         6-21      100%        3
 Inner Flame              Hex/Fire       2%         N/A       100%        3
 Spider Form              Tmut/Pois      0%         N/A       100%        3
 Vampiric Draining        Necr           0%         2d6       100%        3
 Flame Wave               Conj/Fire      2%         3d3       100%        4


Dungeon Overview and Level Annotations

Branches:
Dungeon (6/15)             Temple (0/1) D:5

Altars:
Dithmenos
Makhleb
Nemelex Xobeh
Qazlal
Ru
Trog
Uskayaw
Wu Jian

Shops:
D:2 [   D:3 (   D:5 (

Annotations:
D:2 exclusion: downstairs
D:3 3 runed translucent doors, Sigmund; totalnoob's ghost, amateur MfFi


Innate Abilities, Weirdness & Mutations

You have a pair of horns on your head.
You reflexively headbutt those who attack you in melee.


Message History

You closely miss the fire elemental.
Your headbutt misses the fire elemental.
The fire elemental is moderately damaged.
You slash the fire elemental! x2; The fire elemental barely misses you.
The fire elemental hits you. The fire elemental burns you!
The fire elemental hits you. The fire elemental burns you!
The fire elemental barely misses you. The fire elemental hits you.
The fire elemental burns you! The fire elemental hits you.
The fire elemental burns you!
You closely miss the fire elemental.
Your headbutt misses the fire elemental.
The fire elemental is moderately damaged.
You hit the fire elemental. x2; The fire elemental hits you.
The fire elemental burns you! You block the fire elemental's attack.
The fire elemental hits you. The fire elemental burns you!
The fire elemental hits you. The fire elemental burns you!
The fire elemental hits you. The fire elemental burns you!
* * * LOW HITPOINT WARNING * * *
The fire elemental hits you. The fire elemental burns you!
* * * LOW HITPOINT WARNING * * *
You feel much better. The fire elemental hits you.
The fire elemental burns you! The fire elemental hits you.
The fire elemental burns you! The fire elemental hits you.
The fire elemental burns you!
* * * LOW HITPOINT WARNING * * *
The fire elemental closely misses you. x2; You furiously retaliate!
You headbutt the fire elemental!
You destroy the fire elemental!
That felt strangely unrewarding.
The fire elemental hits you. The fire elemental burns you!
* * * LOW HITPOINT WARNING * * *
You feel much better. The fire elemental hits you.
The fire elemental burns you!
* * * LOW HITPOINT WARNING * * *
The fire elemental hits you. The fire elemental burns you!
* * * LOW HITPOINT WARNING * * *
The fire elemental hits you. The fire elemental burns you!
* * * LOW HITPOINT WARNING * * *
The fire elemental hits you. The fire elemental burns you!
You die...

##.## ... .. #...#
... ###.#.### ...
#.......# #.#...#.#
#.......#
###.#.####
#...##.############
##.##.#.##.@E......
#.#.###.#E########
#..## ##.#.##
###.###.###.#
##.#...#.##
##.###.## ### ###


You could see 2 fire elementals.

Vanquished Creatures
  An unseen horror (D:6)
  A fire elemental (D:6)
  2 water moccasins
  An orc warrior (D:6)
  A black bear (D:5)
  A sky beast (D:3)
  An ice beast (D:5)
  3 ogres
  A bullfrog (D:6)
  A scorpion (D:6)
  A jelly (D:6)
  3 hounds
  A bullfrog skeleton (D:5)
  2 iguanas (D:5)
  4 orc wizards
  A howler monkey skeleton (D:4)
  8 adders
  2 shadow imps (D:5)
  3 ufetubi
  3 worms
  5 orcs
  12 endoplasms
  4 giant cockroaches
  7 goblins
  11 hobgoblins
  A quokka (D:5)
  6 ball pythons
  4 bats (D:1)
  3 frilled lizards
  7 kobolds
  3 rats
  A spectral goblin (D:1)
105 creatures vanquished.

Vanquished Creatures (others)
  36 foxfires
36 creatures vanquished.

Grand Total: 141 creatures vanquished

Notes
Turn   | Place    | Note
-------+----------+-------------------------------------------
     0 | D:1      | toffzen the Minotaur Cinder Acolyte began the quest for the
                  | Orb.
     0 | D:1      | Reached XP level 1. HP: 19/19 MP: 1/1
   211 | D:1      | Found a faded altar of an unknown god.
   447 | D:1      | Reached XP level 2. HP: 27/27 MP: 2/2
   462 | D:1      | Reached skill level 4 in Axes
   536 | D:1      | Reached skill level 1 in Armour
   704 | D:1      | Reached skill level 1 in Dodging
   761 | D:1      | Reached XP level 3. HP: 23/33 MP: 3/3
  1921 | D:2      | Found Bafoon's Armour Emporium.
  2074 | D:3      | Noticed totalnoob's ghost (amateur MfFi)
  2331 | D:3      | You fall into a shaft and drop 1 floor!
  2352 | D:3      | Reached XP level 4. HP: 22/41 MP: 2/4
  2677 | D:3      | Found Juut's Weapon Boutique.
  2713 | D:3      | Found a runed translucent gate.
  2713 | D:3      | Found a runed translucent gate.
  2714 | D:3      | Found a runed translucent gate.
  2720 | D:3      | Noticed a sky beast
  2726 | D:3      | Killed a sky beast
  2727 | D:3      | Reached skill level 5 in Axes
  2727 | D:3      | Reached XP level 5. HP: 47/47 MP: 5/5
  3092 | D:3      | Noticed Sigmund
  3208 | D:4      | Found a hide-covered altar of Uskayaw.
  3268 | D:4      | You fall into a shaft and drop 1 floor!
  3268 | D:5      | Entered Level 5 of the Dungeon
  3268 | D:5      | Found a staircase to the Ecumenical Temple.
  3276 | D:5      | Reached XP level 6. HP: 53/55 MP: 6/6
  3592 | D:4      | Found a shadowy altar of Dithmenos.
  3595 | D:4      | Found a bloodstained altar of Trog.
  3596 | D:4      | Found a sparkling altar of Nemelex Xobeh.
  3597 | D:4      | Found a sacrificial altar of Ru.
  3600 | D:4      | Found a burning altar of Makhleb.
  3600 | D:4      | Found a stormy altar of Qazlal.
  3601 | D:4      | Found an ornate altar of the Wu Jian Council.
  3655 | D:4      | Reached skill level 5 in Fighting
  3655 | D:4      | Reached skill level 6 in Axes
  4002 | D:5      | Found Loikkink's Antique Weapon Shop.
  4093 | D:3      | Bought a +0 war axe for 35 gold pieces
  4326 | D:5      | Noticed an ice beast
  4335 | D:5      | Killed an ice beast
  4336 | D:5      | Reached XP level 7. HP: 34/61 MP: 3/7
  4594 | D:5      | Reached skill level 7 in Axes
  5205 | D:4      | Fell from the grace of Ignis
  5205 | D:4      | Became a worshipper of Trog the Wrathful
  5400 | D:6      | Reached XP level 8. HP: 70/70 MP: 8/8
  5415 | D:6      | Noticed an unseen horror
  5432 | D:6      | Killed an unseen horror
  5433 | D:6      | Reached skill level 8 in Axes
  5433 | D:6      | Reached skill level 5 in Armour
  5433 | D:6      | Reached skill level 1 in Shields
  5939 | D:6      | Reached skill level 5 in Dodging
  6089 | D:6      | Reached skill level 9 in Axes
  6166 | D:6      | Slain by a fire elemental

Illustrated notes

Levels and vault maps discovered:
D:1:      matt_arrival_los_fun, layout_loops_ring,
          dreamdust_ecumenical_altar_drowned_temple, dk_noncrumbling_3,
          minmay_pentomino_w4
D:2:      layout_loops_ring, serial_shops, shop
D:3:      layout_basic, gammafunk_ghost_icy, serial_shops, shop, minivault_19,
          uniq_sigmund, uniq_crazy_yiuf_cottage
D:4:      layout_cave_pools, nicolae_uskayaw_suspiria,
          grunt_temple_overflow_open, amcnicky_mini_corridor_feature,
          minmay_misc_feat_cross
D:5:      layout_basic, minmay_temple_entry_glass, serial_shops,
          nicolae_take_the_stairs, chequers_serial_rivers_micro_e
D:6:      layout_loops_cross

Skill      XL: |  1  2  3  4  5  6  7  8 |
---------------+-------------------------+-----
Axes           | 4 5 6 7 9 |  9.1
Armour         | 1 2 3 4 5 |  5.5
Dodging        | 1 2 3 4 5 |  5.1
Fighting       | 4 5 6 |  6.8
Shields        | 2 |  2.9
Spellcasting   | |  1.0
Fire Magic     | |  2.1

Action                   |  1- 3 |  4- 6 |  7- 9 || total
-------------------------+-------+-------+-------++-------
Melee: Hand axe          |   136 |   133 |       ||   269
       Headbutt          |    10 |    20 |    10 ||    40
       War axe           |       |    28 |   106 ||   134
 Fire: Hunting sling     |     6 |     2 |     2 ||    10
Invok: Foxfire Swarm     |       |     2 |     1 ||     3
  Use: Scroll            |     6 |     3 |     1 ||    10
       Potion            |       |     2 |     2 ||     4
Armor: Robe              |    18 |       |       ||    18
       Plate armour      |    49 |   102 |    85 ||   236
Dodge: Dodged            |    62 |    49 |    29 ||   140
Block: Buckler           |       |       |     9 ||     9

Table legend: (Time is in decaauts)
 A = Elapsed time spent in this place.
 B = Non-inter-level travel time spent in this place.
 C = Inter-level travel time spent in this place.
 D = Time resting spent in this place.
 E = Time spent auto-exploring this place.
 F = Levels seen in this place.
 G = Mean time per level.
                   A        B        C        D        E       F      G
               +--------+--------+--------+--------+--------+-----+--------+
         Total |   6211 |   5956 |    255 |   1714 |   2818 |   6 | 1035.2 |
       Dungeon |   6211 |   5956 |    255 |   1714 |   2818 |   6 | 1035.2 |
               +--------+--------+--------+--------+--------+-----+--------+

Top non-repeatable levels by time:
     D:5: 1295 daAuts
     D:1: 1266 daAuts
     D:3: 1133 daAuts
     D:6: 923 daAuts
     D:4: 827 daAuts
     D:2: 764 daAuts
